Nashville Predators vs Winnipeg Jets

Created - Wednesday, August 27, 2025 at 08:40

Goals
1 2 3 T
Nashville Predators 1 2 3 6
Winnipeg Jets 1 0 0 1
Shots
1 2 3 T
Nashville Predators 6 5 18 29
Winnipeg Jets 8 9 4 21

1st period

1. Winnipeg Jets , Ridly Greig 12 (Adam Lowry 8) at 11:51 (PP)
2. Nashville Predators , Eetu Luostarinen 5 (Simon Benoit 5, Brandon Tanev 7) at 18:50

Penalties :
Brandon Montour (NSH) for Tripping (Minor) at 0:32, Adam Lowry (WPG) for High sticking (Minor) at 8:44, Jake Neighbours (NSH) for Tripping (Minor) at 11:50

2nd period

3. Nashville Predators , Nick Perbix 1 (Jean-Gabriel Pageau 14, John-Jason Peterka 14) at 3:35 (PP)
4. Nashville Predators , Yegor Sharangovich 4 (Dmitri Voronkov 9, Simon Benoit 6) at 7:20

Penalties :
Derek Forbort (WPG) for Interference (Minor) at 2:55, Simon Benoit (NSH) for Tripping (Minor) at 4:50, Brandon Montour (NSH) for High sticking (Minor) at 10:25, Derek Forbort (WPG) for Cross-checking (Minor) at 13:11

3rd period

5. Nashville Predators , John-Jason Peterka 17 (Jean-Gabriel Pageau 15, Jack Roslovic 6) at 3:52 (PP)
6. Nashville Predators , Rasmus Andersson 3 (Dmitri Voronkov 10, Jake Neighbours 11) at 5:29 (PP)
7. Nashville Predators , Pius Suter 6 (Nick Perbix 3, Jean-Gabriel Pageau 16) at 9:43 (PP)

Penalties :
Connor Bedard (WPG) for Slashing (Double Minor) at 3:36, Connor Bedard (WPG) for Hooking (Minor) at 8:15, Vladislav Namestnikov (WPG) for Fighting (Major) at 10:39, Pius Suter (NSH) for Fighting (Major) at 10:39, Pius Suter (NSH) for instigated a fight (Minor) at 10:39, Pius Suter (NSH) for instigated a fight (10 Minutes Misconduct) at 10:39, Michael Kesselring (WPG) for Fighting (Major) at 15:36, Jake Neighbours (NSH) for Fighting (Major) at 15:36

Goalie Stats

Samuel Ersson (NSH), 20 saves from 21 shots - (0.952), W, 3-3-0, 60:00 minutes
Eric Comrie (WPG), 23 saves from 29 shots - (0.793), L, 4-6-0, 60:00 minutes

Players Stats for Nashville Predators

Player Name              G  A  P  +/- PIM S  H  SB GA TA FO     MP     PP MP  PK MP  
------------------------------------------------------------------------------------
Alex Pietrangelo         0  0  0   0  0   0  4  2  0  2  0/0    26:15   3:16   4:40 
Brandon Montour          0  0  0   1  4   2  0  0  1  0  0/0    19:48   0:00   0:35 
Brandon Tanev            0  1  1   1  0   2  2  0  4  1  0/0    10:14   0:00   1:07 
Dmitri Voronkov          0  2  2   1  0   4  0  2  1  0  0/0    18:06   3:50   1:02 
Eetu Luostarinen         1  0  1   1  0   2  2  1  1  0  0/0    13:02   0:11   1:43 
Jack Roslovic            0  1  1   0  0   0  0  0  1  0  0/1    11:45   3:27   0:00 
Jake Neighbours          0  1  1   0  7   1  0  0  0  0  0/0    15:17   3:50   0:38 
James van Riemsdyk       0  0  0   0  0   1  3  0  1  0  1/1    10:15   0:03   0:00 
Jean-Gabriel Pageau      0  3  3   0  0   2  1  0  0  2  12/29  22:56   3:58   4:41 
John-Jason Peterka       1  1  2   0  0   5  1  1  1  0  1/4    17:07   4:06   0:00 
Lars Eller               0  0  0   1  0   0  1  0  0  0  4/6    10:04   0:00   1:07 
Marco Kasper             0  0  0   0  0   1  2  0  1  0  5/18   15:44   3:50   0:00 
Nick Perbix              1  1  2   0  0   1  0  0  0  0  0/0    14:33   4:32   0:00 
Parker Wotherspoon       0  0  0   1  0   0  1  1  0  1  0/0    13:35   0:00   3:07 
Pius Suter               1  0  1   0  17  3  0  2  1  0  2/2    18:37   4:06   3:39 
Rasmus Andersson         1  0  1   1  0   2  1  2  0  1  0/0    24:05   4:32   4:37 
Simon Benoit             0  2  2   2  2   2  2  0  0  2  0/0    19:36   0:11   2:55 
Yegor Sharangovich       1  0  1   1  0   1  0  0  0  0  0/0    10:58   0:03   1:57 

Players Stats for Winnipeg Jets

Player Name              G  A  P  +/- PIM S  H  SB GA TA FO     MP     PP MP  PK MP  
------------------------------------------------------------------------------------
Adam Lowry               0  1  1   0  2   3  0  0  0  0  14/24  19:14   3:14   3:03 
Alexander Kerfoot        0  0  0   0  0   1  1  0  1  2  1/1    16:30   3:14   0:18 
Alexis Lafreniere        0  0  0  -1  0   1  0  0  1  1  0/0     7:00   0:00   0:18 
Connor Bedard            0  0  0  -1  6   3  4  1  2  1  1/2    20:28   4:43   2:17 
Derek Forbort            0  0  0  -1  4   1  0  0  1  3  0/0    21:24   4:02   1:40 
Dylan Samberg            0  0  0  -1  0   0  3  3  0  0  0/0    24:58   3:55   5:01 
Jason Zucker             0  0  0  -1  0   2  1  0  1  1  0/0    21:48   4:43   3:53 
Joel Armia               0  0  0  -1  0   0  3  0  0  0  0/1     7:38   0:00   0:00 
Matvei Michkov           0  0  0   0  0   2  0  0  1  0  0/2    13:29   0:00   2:16 
Michael Kesselring       0  0  0  -1  5   0  1  0  0  0  0/0    17:29   4:02   0:00 
Mikael Backlund          0  0  0  -1  0   1  0  1  0  2  13/23  21:48   4:43   3:53 
Nate Schmidt             0  0  0   0  0   0  1  2  0  1  0/0    14:56   0:00   0:36 
Nino Niederreiter        0  0  0  -1  0   2  0  0  0  0  3/4     6:41   0:00   0:00 
Oliver Ekman-Larsson     0  0  0  -1  0   1  2  1  0  0  0/0    24:42   3:55   5:43 
Ridly Greig              1  0  1   0  0   4  4  0  0  0  1/1    16:11   3:14   0:00 
Sean Durzi               0  0  0   0  0   0  0  0  0  0  0/0    16:28   0:00   2:58 
Taylor Hall              0  0  0   0  0   0  0  0  1  1  0/0    11:13   0:00   0:00 
Vladislav Namestnikov    0  0  0   0  5   0  1  0  1  0  3/3     9:57   0:00   0:00 

3 Stars

1 - John-Jason Peterka (NSH)
2 - Jean-Gabriel Pageau (NSH)
3 - Eetu Luostarinen (NSH)

Power Play

Nashville Predators - 4 on 6 Attempt(s) - 66.67%
Winnipeg Jets - 1 on 5 Attempt(s) - 20.00%

Penalty Kill

Nashville Predators - 4 on 5 Attempt(s) - 80.00% - Score 0 goal in Penalty Kill
Winnipeg Jets - 2 on 6 Attempt(s) - 33.33% - Score 0 goal in Penalty Kill

Team Stat

Nashville Predators - Hits : 20 - Faceoff Wins : 25 - Blocked Shots : 11 - Penalty Minutes : 30
Winnipeg Jets - Hits : 21 - Faceoff Wins : 36 - Blocked Shots : 8 - Penalty Minutes : 22

Official

Referees : Mitch Dunning and Steve Kozari
Linesman : Unknown

Game Notes

Vladislav Namestnikov beats up Pius Suter at 10:39 of 3rd period
Michael Kesselring and Jake Neighbours fight to a draw at 15:36 of 3rd period

Finance

Level 1 -- Attendance: 5671 (94.52%) -- Ticket Income $521,732
Level 2 -- Attendance: 4793 (95.86%) -- Ticket Income $263,615
Level 3 -- Attendance: 2843 (94.77%) -- Ticket Income $85,290
Level 4 -- Attendance: 4454 (89.08%) -- Ticket Income $97,988
Luxury Box -- Attendance: 993 (99.30%) -- Ticket Income $188,670
Game was played at the MTS Centre.
Total Attendance: 18754 (93.77%)
Total Ticket Income: $1,157,295
Other Income: $405,053
Total Income: $1,562,348

Nashville Predators

5 vs 5 Forward 
   Center                   Left Wing                Right Wing               Time % Phy DF OF 
 1 Jean-Gabriel Pageau      John-Jason Peterka       Pius Suter               37     0   2  3  
 2 Marco Kasper             Dmitri Voronkov          Jake Neighbours          33     0   2  3  
 3 Jack Roslovic            Yegor Sharangovich       James van Riemsdyk       15     0   2  3  
 4 Lars Eller               Eetu Luostarinen         Brandon Tanev            15     0   3  2  

5 vs 5 Defense 
   Defense                  Defense                                           Time % Phy DF OF 
 1 Alex Pietrangelo         Brandon Montour                                   40     1   2  2  
 2 Simon Benoit             Rasmus Andersson                                  36     1   4  0  
 3 Nick Perbix              Parker Wotherspoon                                24     0   5  0  
 4 Parker Wotherspoon       Nick Perbix                                       0      1   3  1  

PowerPlay Forward 
   Center                   Left Wing                Right Wing               Time % Phy DF OF 
 1 Jean-Gabriel Pageau      John-Jason Peterka       Pius Suter               65     1   1  3  
 2 Marco Kasper             Dmitri Voronkov          Jake Neighbours          35     1   1  3  

PowerPlay Defense
   Defense                  Defense                                           Time % Phy DF OF 
 1 Jack Roslovic            Alex Pietrangelo                                  50     1   1  3  
 2 Nick Perbix              Rasmus Andersson                                  50     2   2  1  

Penalty Kill 4 Players Forward 
   Center                   Wing                     Time % Phy DF OF 
 1 Jean-Gabriel Pageau      Pius Suter               65     1   2  2  
 2 Lars Eller               Brandon Tanev            35     1   2  2  

Penalty Kill 4 Players Defense
   Defense                  Defense                  Time % Phy DF OF 
 1 Alex Pietrangelo         Rasmus Andersson         60     2   3  0  
 2 Simon Benoit             Parker Wotherspoon       40     1   3  1  

Penalty Kill - 3 Players Forward 
   Forward                                           Time % Phy DF OF 
 1 Jean-Gabriel Pageau                               50     1   2  2  
 2 Lars Eller                                        50     1   2  2  

Penalty Kill - 3 Players Defense
   Defense                  Defense                  Time % Phy DF OF 
 1 Alex Pietrangelo         Rasmus Andersson         50     1   2  2  
 2 Simon Benoit             Parker Wotherspoon       50     1   2  2  

4 vs 4 Forward 
   Center                   Wing                     Time % Phy DF OF 
 1 Jean-Gabriel Pageau      Pius Suter               50     1   2  2  
 2 Lars Eller               Eetu Luostarinen         50     1   2  2  

4 vs 4 Defense
   Defense                  Defense                  Time % Phy DF OF 
 1 Rasmus Andersson         Alex Pietrangelo         60     2   2  1  
 2 Parker Wotherspoon       Simon Benoit             40     2   2  1  

Last Minutes Offensive
   Center                   Left Wing                Right Wing               Defense                  Defense                  
   Jean-Gabriel Pageau      Pius Suter               John-Jason Peterka       Dmitri Voronkov          Brandon Montour          

Last Minutes Defensive
   Center                   Left Wing                Right Wing               Defense                  Defense                  
   Jean-Gabriel Pageau      Pius Suter               Brandon Tanev            Alex Pietrangelo         Rasmus Andersson         

Goaltenders
Starting : Samuel Ersson            
Backup : Anthony Stolarz          

Extra Forwards
Normal : Dmitri Voronkov, James van Riemsdyk, Eetu Luostarinen - PP : Eetu Luostarinen, James van Riemsdyk - PK : Eetu Luostarinen
Extra Defensemen
Normal : Rasmus Andersson, Parker Wotherspoon, Simon Benoit - PP : Nick Perbix - PK : Parker Wotherspoon, Brandon Montour
Penalty Shots
Dmitri Voronkov, Jake Neighbours, John-Jason Peterka, Pius Suter, Yegor Sharangovich

Scratches
Dante Fabbro (Healthy), Nikita Alexandrov (Healthy), Ryan Hartman (Healthy), Thatcher Demko (Healthy), Mads Sogaard (Healthy)

Winnipeg Jets

5 vs 5 Forward 
   Center                   Left Wing                Right Wing               Time % Phy DF OF 
 1 Mikael Backlund          Jason Zucker             Connor Bedard            30     1   2  2  
 2 Adam Lowry               Ridly Greig              Alexander Kerfoot        30     1   2  2  
 3 Vladislav Namestnikov    Taylor Hall              Matvei Michkov           25     1   2  2  
 4 Nino Niederreiter        Alexis Lafreniere        Joel Armia               15     1   2  2  

5 vs 5 Defense 
   Defense                  Defense                                           Time % Phy DF OF 
 1 Oliver Ekman-Larsson     Dylan Samberg                                     35     1   2  2  
 2 Nate Schmidt             Derek Forbort                                     35     1   2  2  
 3 Michael Kesselring       Sean Durzi                                        30     1   2  2  
 4 Oliver Ekman-Larsson     Dylan Samberg                                     0      1   2  2  

PowerPlay Forward 
   Center                   Left Wing                Right Wing               Time % Phy DF OF 
 1 Mikael Backlund          Jason Zucker             Connor Bedard            50     1   2  2  
 2 Adam Lowry               Ridly Greig              Alexander Kerfoot        50     1   2  2  

PowerPlay Defense
   Defense                  Defense                                           Time % Phy DF OF 
 1 Oliver Ekman-Larsson     Dylan Samberg                                     50     1   2  2  
 2 Michael Kesselring       Derek Forbort                                     50     1   2  2  

Penalty Kill 4 Players Forward 
   Center                   Wing                     Time % Phy DF OF 
 1 Mikael Backlund          Jason Zucker             50     1   2  2  
 2 Adam Lowry               Connor Bedard            50     1   2  2  

Penalty Kill 4 Players Defense
   Defense                  Defense                  Time % Phy DF OF 
 1 Oliver Ekman-Larsson     Dylan Samberg            50     1   2  2  
 2 Sean Durzi               Derek Forbort            50     1   2  2  

Penalty Kill - 3 Players Forward 
   Forward                                           Time % Phy DF OF 
 1 Mikael Backlund                                   50     1   2  2  
 2 Jason Zucker                                      50     1   2  2  

Penalty Kill - 3 Players Defense
   Defense                  Defense                  Time % Phy DF OF 
 1 Oliver Ekman-Larsson     Dylan Samberg            50     1   2  2  
 2 Sean Durzi               Derek Forbort            50     1   2  2  

4 vs 4 Forward 
   Center                   Wing                     Time % Phy DF OF 
 1 Mikael Backlund          Jason Zucker             50     1   2  2  
 2 Adam Lowry               Connor Bedard            50     1   2  2  

4 vs 4 Defense
   Defense                  Defense                  Time % Phy DF OF 
 1 Oliver Ekman-Larsson     Dylan Samberg            50     1   2  2  
 2 Michael Kesselring       Derek Forbort            50     1   2  2  

Last Minutes Offensive
   Center                   Left Wing                Right Wing               Defense                  Defense                  
   Mikael Backlund          Jason Zucker             Connor Bedard            Oliver Ekman-Larsson     Dylan Samberg            

Last Minutes Defensive
   Center                   Left Wing                Right Wing               Defense                  Defense                  
   Mikael Backlund          Jason Zucker             Connor Bedard            Oliver Ekman-Larsson     Dylan Samberg            

Goaltenders
Starting : Eric Comrie              
Backup : Dustin Wolf              

Extra Forwards
Normal : Joel Armia, Taylor Hall, Matvei Michkov - PP : Joel Armia, Taylor Hall - PK : Matvei Michkov
Extra Defensemen
Normal : Michael Kesselring, Sean Durzi, Dylan Samberg - PP : Michael Kesselring - PK : Sean Durzi, Oliver Ekman-Larsson
Penalty Shots
Mikael Backlund, Jason Zucker, Adam Lowry, Connor Bedard, Ridly Greig

Scratches
Sam Steel (Healthy), Barclay Goodrow (Healthy), Haydn Fleury (Sprained Left Knee Injury)

% Time on Ice - Nashville Predators

Lines # - Real PCT - Wanted PCT - Time Play
Normal Forward
1 - 34% - 37% - 15:12
2 - 27% - 33% - 11:54
3 - 18% - 15% - 8:01
4 - 20% - 15% - 8:57
Normal Defense
1 - 42% - 40% - 18:40
2 - 35% - 36% - 15:23
3 - 23% - 24% - 10:01
4 - 0% - 0% - 0:00
PP Forward
1 - 52% - 65% - 4:09
2 - 48% - 35% - 3:50
PP Defense
1 - 43% - 50% - 3:27
2 - 57% - 50% - 4:32
PK Forward
1 - 86% - 65% - 6:50
2 - 14% - 35% - 1:07
PK Defense
1 - 61% - 60% - 4:50
2 - 39% - 40% - 3:07
PK3 Forward
1 - 0% - 50%
2 - 0% - 50%
PK3 Defense
1 - 0% - 50%
2 - 0% - 50%
44 Forward
1 - 0% - 50%
2 - 0% - 50%
44 Defense
1 - 0% - 60%
2 - 0% - 40%
Last Minute Offensive  - 0:00
Last Minute Defensive  - 0:00
Total
Forward - 60:00
Defense - 60:00

% Time on Ice - Winnipeg Jets

Lines # - Real PCT - Wanted PCT - Time Play
Normal Forward
1 - 30% - 30% - 13:12
2 - 29% - 30% - 12:58
3 - 25% - 25% - 11:13
4 - 15% - 15% - 6:41
Normal Defense
1 - 34% - 35% - 14:50
2 - 36% - 35% - 16:05
3 - 30% - 30% - 13:09
4 - 0% - 0% - 0:00
PP Forward
1 - 59% - 50% - 4:43
2 - 41% - 50% - 3:14
PP Defense
1 - 49% - 50% - 3:55
2 - 51% - 50% - 4:02
PK Forward
1 - 49% - 50% - 3:53
2 - 51% - 50% - 4:06
PK Defense
1 - 63% - 50% - 5:01
2 - 37% - 50% - 2:58
PK3 Forward
1 - 0% - 50%
2 - 0% - 50%
PK3 Defense
1 - 0% - 50%
2 - 0% - 50%
44 Forward
1 - 0% - 50%
2 - 0% - 50%
44 Defense
1 - 0% - 50%
2 - 0% - 50%
Last Minute Offensive  - 0:00
Last Minute Defensive  - 0:00
Total
Forward - 60:00
Defense - 60:00

Play-by-Play

1st period


0:01 of 1st period - Mikael Backlund wins face-off versus Jean-Gabriel Pageau in neutral zone.
0:32 of 1st period - Minor Penalty to Brandon Montour for Tripping.
0:33 of 1st period - Jean-Gabriel Pageau wins face-off versus Mikael Backlund in Nashville Predators zone.
0:46 of 1st period - Snap shot by Connor Bedard.
0:46 of 1st period - Stopped by Samuel Ersson with a rebound.
0:48 of 1st period - Slapshot by Oliver Ekman-Larsson.
0:48 of 1st period - Stopped by Samuel Ersson without a rebound.
0:49 of 1st period - Lars Eller wins face-off versus Adam Lowry in Nashville Predators zone.
0:57 of 1st period - Off-side.
0:58 of 1st period - Jean-Gabriel Pageau wins face-off versus Adam Lowry in neutral zone.
1:05 of 1st period - Snap shot by Ridly Greig.
1:05 of 1st period - Stopped by Samuel Ersson without a rebound.
1:06 of 1st period - Lars Eller wins face-off versus Mikael Backlund in Nashville Predators zone.
1:17 of 1st period - Snap shot by Connor Bedard.
1:17 of 1st period - Stopped by Samuel Ersson without a rebound.
1:18 of 1st period - Lars Eller wins face-off versus Adam Lowry in Nashville Predators zone.
1:28 of 1st period - Wrist shot by Adam Lowry.
1:28 of 1st period - Shot Misses the Net.
1:30 of 1st period - Snap shot by Michael Kesselring.
1:30 of 1st period - Shot Misses the Net.
1:32 of 1st period - Snap shot by Alexander Kerfoot.
1:32 of 1st period - Stopped by Samuel Ersson with a rebound.
1:34 of 1st period - Slapshot by Michael Kesselring.
1:34 of 1st period - Shot Misses the Net.
2:02 of 1st period - Simon Benoit is hit by Jason Zucker.
2:06 of 1st period - Pius Suter is hit by Connor Bedard and loses puck.
2:15 of 1st period - Snap shot by Jason Zucker.
2:15 of 1st period - Shot Misses the Net.
2:17 of 1st period - Slapshot by Mikael Backlund.
2:17 of 1st period - Shot Misses the Net.
2:32 of 1st period - Penalty to Brandon Montour is over, Brandon Montour is back on ice.
3:12 of 1st period - Slapshot by Jason Zucker.
3:12 of 1st period - Shot Blocked by Parker Wotherspoon.
3:14 of 1st period - Wrist shot by Mikael Backlund.
3:14 of 1st period - Stopped by Samuel Ersson without a rebound.
3:15 of 1st period - Vladislav Namestnikov wins face-off versus Marco Kasper in Nashville Predators zone.
3:26 of 1st period - Slapshot by Matvei Michkov.
3:26 of 1st period - Stopped by Samuel Ersson with a rebound.
3:32 of 1st period - Nate Schmidt is hit by Marco Kasper and loses puck.
4:40 of 1st period - Slapshot by Taylor Hall.
4:40 of 1st period - Shot Misses the Net.
4:57 of 1st period - Alex Pietrangelo is hit by Ridly Greig and loses puck.
5:22 of 1st period - Simon Benoit is hit by Joel Armia and loses puck.
5:50 of 1st period - Rasmus Andersson is hit by Nate Schmidt.
6:29 of 1st period - Nick Perbix is hit by Joel Armia and loses puck.
6:40 of 1st period - Ridly Greig is hit by Parker Wotherspoon and loses puck.
7:09 of 1st period - Wrist shot by Jake Neighbours.
7:09 of 1st period - Deflect By Mikael Backlund.
7:09 of 1st period - Stopped by Eric Comrie without a rebound.
7:10 of 1st period - Marco Kasper wins face-off versus Mikael Backlund in Winnipeg Jets zone.
8:44 of 1st period - Minor Penalty to Adam Lowry for High sticking.
8:45 of 1st period - Mikael Backlund wins face-off versus Jean-Gabriel Pageau in Winnipeg Jets zone.
10:44 of 1st period - Penalty to Adam Lowry is over, Adam Lowry is back on ice.
10:51 of 1st period - Wrist shot by Alexander Kerfoot.
10:51 of 1st period - Shot Misses the Net.
11:13 of 1st period - Wrist shot by Dmitri Voronkov.
11:13 of 1st period - Stopped by Eric Comrie with a rebound.
11:50 of 1st period - Minor Penalty to Jake Neighbours for Tripping.
11:51 of 1st period - Adam Lowry wins face-off versus Jean-Gabriel Pageau in Nashville Predators zone.
11:51 of 1st period - Wrist shot by Ridly Greig.
11:51 of 1st period - Goal by Ridly Greig - Nashville Predators : 0 - Winnipeg Jets : 1.
11:52 of 1st period - Mikael Backlund wins face-off versus Jean-Gabriel Pageau in neutral zone.
12:06 of 1st period - Wrist shot by Jason Zucker.
12:06 of 1st period - Shot Misses the Net.
12:51 of 1st period - Wrist shot by John-Jason Peterka.
12:51 of 1st period - Stopped by Eric Comrie without a rebound.
12:52 of 1st period - Marco Kasper wins face-off versus Mikael Backlund in Winnipeg Jets zone.
13:47 of 1st period - Wrist shot by Brandon Tanev.
13:47 of 1st period - Stopped by Eric Comrie without a rebound.
13:48 of 1st period - Mikael Backlund wins face-off versus Lars Eller in Winnipeg Jets zone.
14:09 of 1st period - Connor Bedard is hit by Eetu Luostarinen and loses puck.
15:09 of 1st period - Slapshot by Brandon Tanev.
15:09 of 1st period - Deflect By Connor Bedard.
15:09 of 1st period - Shot Misses the Net.
15:09 of 1st period - Puck is out of play.
15:10 of 1st period - Adam Lowry wins face-off versus Jean-Gabriel Pageau in Winnipeg Jets zone.
15:35 of 1st period - Nate Schmidt is hit by James van Riemsdyk and loses puck.
15:41 of 1st period - Icing by Taylor Hall.
15:42 of 1st period - Vladislav Namestnikov wins face-off versus Jack Roslovic in Winnipeg Jets zone.
16:44 of 1st period - Off-side.
16:45 of 1st period - Adam Lowry wins face-off versus Marco Kasper in neutral zone.
17:56 of 1st period - Jake Neighbours is hit by Ridly Greig and loses puck.
18:30 of 1st period - John-Jason Peterka is hit by Dylan Samberg and loses puck.
18:46 of 1st period - Snap shot by Brandon Tanev.
18:46 of 1st period - Shot Misses the Net.
18:48 of 1st period - Slapshot by Simon Benoit.
18:48 of 1st period - Deflect By Oliver Ekman-Larsson.
18:48 of 1st period - Stopped by Eric Comrie with a rebound.
18:50 of 1st period - Wrist shot by Eetu Luostarinen.
18:50 of 1st period - Goal by Eetu Luostarinen - Nashville Predators : 1 - Winnipeg Jets : 1.
18:51 of 1st period - Pius Suter wins face-off versus Adam Lowry in neutral zone.
18:55 of 1st period - Off-side.
18:56 of 1st period - Adam Lowry wins face-off versus John-Jason Peterka in neutral zone.
19:01 of 1st period - Snap shot by Ridly Greig.
19:01 of 1st period - Shot Blocked by John-Jason Peterka.
Goals for this period are 1 for Nashville Predators vs 1 for Winnipeg Jets.
Shots for this period are 6 for Nashville Predators vs 8 for Winnipeg Jets.

2nd period


0:01 of 2nd period - Adam Lowry wins face-off versus Jean-Gabriel Pageau in neutral zone.
0:26 of 2nd period - Matvei Michkov is hit by Rasmus Andersson and loses puck.
0:51 of 2nd period - Wrist shot by Jason Zucker.
0:51 of 2nd period - Shot Blocked by Rasmus Andersson.
1:06 of 2nd period - Icing by Sean Durzi.
1:07 of 2nd period - Nino Niederreiter wins face-off versus Jean-Gabriel Pageau in Winnipeg Jets zone.
1:07 of 2nd period - Nino Niederreiter is hit by Alex Pietrangelo.
1:21 of 2nd period - Snap shot by Alexis Lafreniere.
1:21 of 2nd period - Shot Misses the Net.
1:23 of 2nd period - Slapshot by Nino Niederreiter.
1:23 of 2nd period - Stopped by Samuel Ersson with a rebound.
1:41 of 2nd period - Slapshot by Brandon Montour.
1:41 of 2nd period - Shot Misses the Net.
1:43 of 2nd period - Snap shot by Dmitri Voronkov.
1:43 of 2nd period - Stopped by Eric Comrie with a rebound.
2:33 of 2nd period - Icing by Derek Forbort.
2:34 of 2nd period - Jean-Gabriel Pageau wins face-off versus Nino Niederreiter in Winnipeg Jets zone.
2:55 of 2nd period - Minor Penalty to Derek Forbort for Interference.
2:56 of 2nd period - Mikael Backlund wins face-off versus John-Jason Peterka in Winnipeg Jets zone.
3:11 of 2nd period - Wrist shot by John-Jason Peterka.
3:11 of 2nd period - Stopped by Eric Comrie with a rebound.
3:27 of 2nd period - Slapshot by Alex Pietrangelo.
3:27 of 2nd period - Deflect By Marco Kasper.
3:27 of 2nd period - Stopped by Eric Comrie with a rebound.
3:29 of 2nd period - Wrist shot by Alex Pietrangelo.
3:29 of 2nd period - Deflect By Marco Kasper.
3:29 of 2nd period - Shot Blocked by Oliver Ekman-Larsson.
3:29 of 2nd period - Puck is out of play.
3:30 of 2nd period - Jean-Gabriel Pageau wins face-off versus Mikael Backlund in Winnipeg Jets zone.
3:33 of 2nd period - Wrist shot by Jean-Gabriel Pageau.
3:33 of 2nd period - Shot Blocked by Mikael Backlund.
3:35 of 2nd period - Snap shot by Nick Perbix.
3:35 of 2nd period - Goal by Nick Perbix - Nashville Predators : 2 - Winnipeg Jets : 1.
3:36 of 2nd period - Alexander Kerfoot wins face-off versus Marco Kasper in neutral zone.
4:05 of 2nd period - Snap shot by Jack Roslovic.
4:05 of 2nd period - Shot Misses the Net.
4:23 of 2nd period - Oliver Ekman-Larsson is hit by Alex Pietrangelo and loses puck.
4:29 of 2nd period - Off-side.
4:30 of 2nd period - Lars Eller wins face-off versus Connor Bedard in neutral zone.
4:35 of 2nd period - Slapshot by Brandon Tanev.
4:35 of 2nd period - Shot Blocked by Connor Bedard.
4:50 of 2nd period - Minor Penalty to Simon Benoit for Tripping.
4:51 of 2nd period - Connor Bedard wins face-off versus Jean-Gabriel Pageau in Nashville Predators zone.
5:05 of 2nd period - Wrist shot by Connor Bedard.
5:05 of 2nd period - Stopped by Samuel Ersson without a rebound.
5:06 of 2nd period - Adam Lowry wins face-off versus Jean-Gabriel Pageau in Nashville Predators zone.
5:15 of 2nd period - Snap shot by Adam Lowry.
5:15 of 2nd period - Stopped by Samuel Ersson without a rebound.
5:16 of 2nd period - Jean-Gabriel Pageau wins face-off versus Adam Lowry in Nashville Predators zone.
5:53 of 2nd period - Slapshot by Jason Zucker.
5:53 of 2nd period - Deflect By Mikael Backlund.
5:53 of 2nd period - Shot Blocked by Pius Suter.
5:53 of 2nd period - Puck is out of play.
5:54 of 2nd period - Jean-Gabriel Pageau wins face-off versus Mikael Backlund in Nashville Predators zone.
5:54 of 2nd period - Jean-Gabriel Pageau is hit by Oliver Ekman-Larsson.
6:14 of 2nd period - Snap shot by Connor Bedard.
6:14 of 2nd period - Shot Hit the Post.
6:16 of 2nd period - Backhand shot by Oliver Ekman-Larsson.
6:16 of 2nd period - Shot Blocked by Pius Suter.
6:50 of 2nd period - Penalty to Simon Benoit is over, Simon Benoit is back on ice.
7:04 of 2nd period - Snap shot by Dmitri Voronkov.
7:04 of 2nd period - Shot Misses the Net.
7:18 of 2nd period - Snap shot by Yegor Sharangovich.
7:18 of 2nd period - Shot Misses the Net.
7:20 of 2nd period - Slapshot by Yegor Sharangovich.
7:20 of 2nd period - Goal by Yegor Sharangovich - Nashville Predators : 3 - Winnipeg Jets : 1.
7:21 of 2nd period - Ridly Greig wins face-off versus Marco Kasper in neutral zone.
7:46 of 2nd period - Alexander Kerfoot is hit by Simon Benoit and loses puck.
7:59 of 2nd period - Snap shot by Eetu Luostarinen.
7:59 of 2nd period - Shot Misses the Net.
8:06 of 2nd period - Icing by Ridly Greig.
8:07 of 2nd period - Adam Lowry wins face-off versus Jean-Gabriel Pageau in Winnipeg Jets zone.
8:20 of 2nd period - Wrist shot by Taylor Hall.
8:20 of 2nd period - Shot Misses the Net.
8:38 of 2nd period - Slapshot by Alexis Lafreniere.
8:38 of 2nd period - Deflect By Nino Niederreiter.
8:38 of 2nd period - Stopped by Samuel Ersson with a rebound.
8:40 of 2nd period - Slapshot by Derek Forbort.
8:40 of 2nd period - Stopped by Samuel Ersson with a rebound.
8:52 of 2nd period - Nick Perbix is hit by Connor Bedard and loses puck.
9:06 of 2nd period - Jake Neighbours is hit by Connor Bedard and loses puck.
9:42 of 2nd period - Snap shot by Ridly Greig.
9:42 of 2nd period - Stopped by Samuel Ersson without a rebound.
9:43 of 2nd period - Jean-Gabriel Pageau wins face-off versus Adam Lowry in Nashville Predators zone.
9:55 of 2nd period - Slapshot by Adam Lowry.
9:55 of 2nd period - Stopped by Samuel Ersson with a rebound.
9:57 of 2nd period - Slapshot by Dylan Samberg.
9:57 of 2nd period - Shot Misses the Net.
10:25 of 2nd period - Minor Penalty to Brandon Montour for High sticking.
10:26 of 2nd period - Adam Lowry wins face-off versus Jean-Gabriel Pageau in Nashville Predators zone.
10:32 of 2nd period - Snap shot by Ridly Greig.
10:32 of 2nd period - Stopped by Samuel Ersson with a rebound.
12:18 of 2nd period - Icing by Mikael Backlund.
12:19 of 2nd period - Mikael Backlund wins face-off versus Jean-Gabriel Pageau in Winnipeg Jets zone.
12:24 of 2nd period - Eetu Luostarinen is hit by Connor Bedard and loses puck.
12:25 of 2nd period - Penalty to Brandon Montour is over, Brandon Montour is back on ice.
12:37 of 2nd period - Joel Armia is hit by Alex Pietrangelo and loses puck.
13:09 of 2nd period - Wrist shot by Brandon Montour.
13:09 of 2nd period - Shot Misses the Net.
13:11 of 2nd period - Minor Penalty to Derek Forbort for Cross-checking.
13:12 of 2nd period - Mikael Backlund wins face-off versus Marco Kasper in Winnipeg Jets zone.
13:25 of 2nd period - Snap shot by Dmitri Voronkov.
13:25 of 2nd period - Deflect By Oliver Ekman-Larsson.
13:25 of 2nd period - Shot Blocked by Dylan Samberg.
13:25 of 2nd period - Puck is out of play.
13:26 of 2nd period - Marco Kasper wins face-off versus Mikael Backlund in Winnipeg Jets zone.
13:51 of 2nd period - Dylan Samberg is hit by Jean-Gabriel Pageau and loses puck.
14:10 of 2nd period - Snap shot by Mikael Backlund.
14:10 of 2nd period - Deflect By Jason Zucker.
14:10 of 2nd period - Stopped by Samuel Ersson without a rebound.
14:11 of 2nd period - Jean-Gabriel Pageau wins face-off versus Mikael Backlund in Nashville Predators zone.
14:37 of 2nd period - Nate Schmidt is hit by Marco Kasper and loses puck.
15:11 of 2nd period - Penalty to Derek Forbort is over, Derek Forbort is back on ice.
15:35 of 2nd period - Dmitri Voronkov is hit by Oliver Ekman-Larsson and loses puck.
16:26 of 2nd period - Matvei Michkov is hit by James van Riemsdyk and loses puck.
16:38 of 2nd period - Off-side.
16:39 of 2nd period - Adam Lowry wins face-off versus Jean-Gabriel Pageau in neutral zone.
17:14 of 2nd period - Backhand shot by Jason Zucker.
17:14 of 2nd period - Shot Misses the Net.
18:45 of 2nd period - Matvei Michkov is hit by Eetu Luostarinen and loses puck.
19:12 of 2nd period - Brandon Montour is hit by Joel Armia.
Goals for this period are 2 for Nashville Predators vs 0 for Winnipeg Jets.
Shots for this period are 5 for Nashville Predators vs 9 for Winnipeg Jets.

3rd period


0:01 of 3rd period - Mikael Backlund wins face-off versus Marco Kasper in neutral zone.
0:10 of 3rd period - Wrist shot by Jason Zucker.
0:10 of 3rd period - Deflect By Connor Bedard.
0:10 of 3rd period - Shot Blocked by Alex Pietrangelo.
0:10 of 3rd period - Puck is out of play.
0:11 of 3rd period - Adam Lowry wins face-off versus Marco Kasper in Nashville Predators zone.
0:15 of 3rd period - Slapshot by Alexander Kerfoot.
0:15 of 3rd period - Shot Blocked by Dmitri Voronkov.
0:17 of 3rd period - Wrist shot by Adam Lowry.
0:17 of 3rd period - Stopped by Samuel Ersson with a rebound.
0:19 of 3rd period - Wrist shot by Michael Kesselring.
0:19 of 3rd period - Shot Misses the Net.
1:31 of 3rd period - Snap shot by Brandon Tanev.
1:31 of 3rd period - Stopped by Eric Comrie without a rebound.
1:32 of 3rd period - Adam Lowry wins face-off versus Marco Kasper in Winnipeg Jets zone.
1:45 of 3rd period - Dmitri Voronkov is hit by Ridly Greig.
3:36 of 3rd period - Double Minor Penalty to Connor Bedard for Slashing.
3:37 of 3rd period - Mikael Backlund wins face-off versus Jean-Gabriel Pageau in Winnipeg Jets zone.
3:52 of 3rd period - Snap shot by John-Jason Peterka.
3:52 of 3rd period - Goal by John-Jason Peterka - Nashville Predators : 4 - Winnipeg Jets : 1.
3:53 of 3rd period - Mikael Backlund wins face-off versus John-Jason Peterka in neutral zone.
5:09 of 3rd period - Icing by Nick Perbix.
5:10 of 3rd period - Adam Lowry wins face-off versus Marco Kasper in Nashville Predators zone.
5:25 of 3rd period - Slapshot by Rasmus Andersson.
5:25 of 3rd period - Stopped by Eric Comrie with a rebound.
5:27 of 3rd period - Slapshot by Rasmus Andersson.
5:27 of 3rd period - Shot Misses the Net.
5:29 of 3rd period - Snap shot by Rasmus Andersson.
5:29 of 3rd period - Goal by Rasmus Andersson - Nashville Predators : 5 - Winnipeg Jets : 1.
5:30 of 3rd period - Adam Lowry wins face-off versus Jean-Gabriel Pageau in neutral zone.
5:33 of 3rd period - Jean-Gabriel Pageau is hit by Dylan Samberg and loses puck.
5:58 of 3rd period - Snap shot by Ridly Greig.
5:58 of 3rd period - Shot Blocked by Dmitri Voronkov.
6:00 of 3rd period - Wrist shot by Connor Bedard.
6:00 of 3rd period - Shot Blocked by Alex Pietrangelo.
6:02 of 3rd period - Wrist shot by Connor Bedard.
6:02 of 3rd period - Deflect By Jason Zucker.
6:02 of 3rd period - Shot Misses the Net.
6:02 of 3rd period - Puck is out of play.
6:03 of 3rd period - Marco Kasper wins face-off versus Mikael Backlund in Nashville Predators zone.
6:03 of 3rd period - Marco Kasper is hit by Michael Kesselring.
6:41 of 3rd period - Snap shot by Dmitri Voronkov.
6:41 of 3rd period - Shot Blocked by Nate Schmidt.
6:43 of 3rd period - Wrist shot by Jake Neighbours.
6:43 of 3rd period - Shot Misses the Net.
6:45 of 3rd period - Slapshot by Simon Benoit.
6:45 of 3rd period - Stopped by Eric Comrie without a rebound.
6:46 of 3rd period - John-Jason Peterka wins face-off versus Adam Lowry in Winnipeg Jets zone.
7:11 of 3rd period - Oliver Ekman-Larsson is hit by James van Riemsdyk and loses puck.
8:02 of 3rd period - Sean Durzi is hit by Simon Benoit and loses puck.
8:09 of 3rd period - Snap shot by John-Jason Peterka.
8:09 of 3rd period - Deflect By Jason Zucker.
8:09 of 3rd period - Stopped by Eric Comrie with a rebound.
8:15 of 3rd period - Minor Penalty to Connor Bedard for Hooking.
8:16 of 3rd period - Mikael Backlund wins face-off versus Jean-Gabriel Pageau in Winnipeg Jets zone.
8:29 of 3rd period - Snap shot by Jean-Gabriel Pageau.
8:29 of 3rd period - Stopped by Eric Comrie with a rebound.
8:31 of 3rd period - Slapshot by Nick Perbix.
8:31 of 3rd period - Shot Blocked by Dylan Samberg.
8:45 of 3rd period - Slapshot by Rasmus Andersson.
8:45 of 3rd period - Deflect By Jake Neighbours.
8:45 of 3rd period - Shot Misses the Net.
8:45 of 3rd period - Puck is out of play.
8:46 of 3rd period - Jean-Gabriel Pageau wins face-off versus Mikael Backlund in Winnipeg Jets zone.
8:51 of 3rd period - Wrist shot by John-Jason Peterka.
8:51 of 3rd period - Stopped by Eric Comrie with a rebound.
9:07 of 3rd period - Snap shot by Matvei Michkov.
9:07 of 3rd period - Stopped by Samuel Ersson without a rebound.
9:08 of 3rd period - Mikael Backlund wins face-off versus Marco Kasper in Nashville Predators zone.
9:37 of 3rd period - Snap shot by Jean-Gabriel Pageau.
9:37 of 3rd period - Stopped by Eric Comrie with a rebound.
9:39 of 3rd period - Snap shot by Nick Perbix.
9:39 of 3rd period - Shot Blocked by Dylan Samberg.
9:41 of 3rd period - Slapshot by Pius Suter.
9:41 of 3rd period - Stopped by Eric Comrie with a rebound.
9:43 of 3rd period - Snap shot by Pius Suter.
9:43 of 3rd period - Goal by Pius Suter - Nashville Predators : 6 - Winnipeg Jets : 1.
9:44 of 3rd period - Jean-Gabriel Pageau wins face-off versus Adam Lowry in neutral zone.
9:44 of 3rd period - John-Jason Peterka is hit by Alexander Kerfoot and loses puck.
10:14 of 3rd period - Wrist shot by Dmitri Voronkov.
10:14 of 3rd period - Stopped by Eric Comrie with a rebound.
10:16 of 3rd period - Wrist shot by Dmitri Voronkov.
10:16 of 3rd period - Shot Misses the Net.
10:18 of 3rd period - Wrist shot by Dmitri Voronkov.
10:18 of 3rd period - Stopped by Eric Comrie without a rebound.
10:19 of 3rd period - Jean-Gabriel Pageau wins face-off versus Matvei Michkov in Winnipeg Jets zone.
10:22 of 3rd period - Snap shot by Pius Suter.
10:22 of 3rd period - Stopped by Eric Comrie without a rebound.
10:23 of 3rd period - Pius Suter wins face-off versus Matvei Michkov in Winnipeg Jets zone.
10:39 of 3rd period - Vladislav Namestnikov beats up Pius Suter.
10:39 of 3rd period - Penalty to Vladislav Namestnikov for Fighting.
10:39 of 3rd period - Penalty to Pius Suter for Fighting.
10:39 of 3rd period - Penalty to Pius Suter for instigated a fight.
10:39 of 3rd period - Penalty to Pius Suter for instigated a fight.
10:40 of 3rd period - Jean-Gabriel Pageau wins face-off versus Adam Lowry in Winnipeg Jets zone.
10:41 of 3rd period - Snap shot by Eetu Luostarinen.
10:41 of 3rd period - Stopped by Eric Comrie with a rebound.
11:05 of 3rd period - Rasmus Andersson is hit by Dylan Samberg and loses puck.
11:14 of 3rd period - Snap shot by Connor Bedard.
11:14 of 3rd period - Shot Misses the Net.
11:16 of 3rd period - Slapshot by Oliver Ekman-Larsson.
11:16 of 3rd period - Shot Blocked by Rasmus Andersson.
12:39 of 3rd period - Penalty to Pius Suter is over, Brandon Tanev is send on ice.
13:04 of 3rd period - Matvei Michkov is hit by John-Jason Peterka and loses puck.
13:08 of 3rd period - Icing by Taylor Hall.
13:09 of 3rd period - James van Riemsdyk wins face-off versus Joel Armia in Winnipeg Jets zone.
13:26 of 3rd period - Taylor Hall is hit by Brandon Tanev.
13:32 of 3rd period - Joel Armia is hit by Brandon Tanev.
13:46 of 3rd period - John-Jason Peterka is hit by Ridly Greig.
14:46 of 3rd period - Nate Schmidt is hit by Alex Pietrangelo and loses puck.
15:06 of 3rd period - Slapshot by Brandon Montour.
15:06 of 3rd period - Stopped by Eric Comrie without a rebound.
15:07 of 3rd period - Nino Niederreiter wins face-off versus Lars Eller in Winnipeg Jets zone.
15:36 of 3rd period - Michael Kesselring and Jake Neighbours fight to a draw.
15:36 of 3rd period - Penalty to Michael Kesselring for Fighting.
15:36 of 3rd period - Penalty to Jake Neighbours for Fighting.
15:37 of 3rd period - Adam Lowry wins face-off versus Marco Kasper in neutral zone.
16:16 of 3rd period - Wrist shot by Jason Zucker.
16:16 of 3rd period - Stopped by Samuel Ersson without a rebound.
16:17 of 3rd period - Vladislav Namestnikov wins face-off versus Marco Kasper in Nashville Predators zone.
17:01 of 3rd period - Wrist shot by Jack Roslovic.
17:01 of 3rd period - Shot Misses the Net.
17:03 of 3rd period - Slapshot by Brandon Montour.
17:03 of 3rd period - Stopped by Eric Comrie with a rebound.
17:05 of 3rd period - Slapshot by Brandon Montour.
17:05 of 3rd period - Shot Misses the Net.
17:07 of 3rd period - Slapshot by Alex Pietrangelo.
17:07 of 3rd period - Deflect By Yegor Sharangovich.
17:07 of 3rd period - Shot Misses the Net.
17:07 of 3rd period - Puck is out of play.
17:08 of 3rd period - Mikael Backlund wins face-off versus Marco Kasper in Winnipeg Jets zone.
17:58 of 3rd period - Slapshot by Ridly Greig.
17:58 of 3rd period - Shot Misses the Net.
18:14 of 3rd period - Snap shot by Jack Roslovic.
18:14 of 3rd period - Shot Blocked by Nate Schmidt.
18:39 of 3rd period - Wrist shot by Alexis Lafreniere.
18:39 of 3rd period - Stopped by Samuel Ersson without a rebound.
18:40 of 3rd period - Nino Niederreiter wins face-off versus Jean-Gabriel Pageau in Nashville Predators zone.
18:43 of 3rd period - Snap shot by Alexis Lafreniere.
18:43 of 3rd period - Shot Misses the Net.
19:05 of 3rd period - Dylan Samberg is hit by Lars Eller and loses puck.
19:28 of 3rd period - Snap shot by James van Riemsdyk.
19:28 of 3rd period - Stopped by Eric Comrie with a rebound.
19:30 of 3rd period - Wrist shot by James van Riemsdyk.
19:30 of 3rd period - Shot Hit the Post.
19:32 of 3rd period - Wrist shot by Marco Kasper.
19:32 of 3rd period - Shot Misses the Net.
19:34 of 3rd period - Wrist shot by Marco Kasper.
19:34 of 3rd period - Shot Misses the Net.
19:44 of 3rd period - John-Jason Peterka is hit by Vladislav Namestnikov and loses puck.
19:53 of 3rd period - Slapshot by Matvei Michkov.
19:53 of 3rd period - Shot Blocked by Eetu Luostarinen.
19:55 of 3rd period - Snap shot by Matvei Michkov.
19:55 of 3rd period - Deflect By Vladislav Namestnikov.
19:55 of 3rd period - Shot Misses the Net.
19:55 of 3rd period - Puck is out of play.
19:56 of 3rd period - Marco Kasper wins face-off versus Adam Lowry in Nashville Predators zone.
Goals for this period are 3 for Nashville Predators vs 0 for Winnipeg Jets.
Shots for this period are 18 for Nashville Predators vs 4 for Winnipeg Jets.